APP
BALTIMORE (APP) ORIOLES @ BURLINGTON ROYALS
09/29/2049
 
TOP OF THE 1ST
Baltimore (APP) Orioles batting - Pitching for Burlington Royals : LHP Bin Ya
Pitching: LHP Bin Ya
Batting: RHB Pedro Luera 0-0: Ball
1-0: Ball
2-0: Swinging Strike
2-1: Foul Ball, location: 2F
2-2: Ball
3-2: Foul Ball, location: 2F
3-2: Foul Ball, location: 2F
3-2: Ground out 6-3 (Groundball, 6D, EV 98.8 MPH)
Batting: LHB Ivan Alvarez 0-0: Foul Ball, location: 2F
0-1: Foul Ball, location: 2F
0-2: Ball
1-2: Strikes out swinging
Batting: RHB Mike Trueblood 0-0: Fly out, F8 (Line Drive, 8LM, EV 88.1 MPH)
Top of the 1st over - 0 runs, 0 hits, 0 errors, 0 left on base; Baltimore (APP) 0 - Burlington 0
BOTTOM OF THE 1ST
Burlington Royals batting - Pitching for Baltimore (APP) Orioles : LHP Tim Fraser
Pitching: LHP Tim Fraser
Batting: RHB Kyle Finney 0-0: Called Strike
0-1: Ball
1-1: Fly out, F5 (Line Drive, 56, EV 88.8 MPH)
Batting: RHB Josh Massey 0-0: Ball
1-0: Ball
2-0: Ball
3-0: Base on Balls
Batting: RHB Luis Mendoza 0-0: Ball
1-0: Fielders Choice at 2nd, 6-4 (Groundball, 6, EV 101.2 MPH)
Batting: RHB Simon Sultzbach 0-0: Ball
1-0: Ball
2-0: Ball
3-0: Called Strike
3-1: Base on Balls
Luis Mendoza to second
Batting: RHB Esteban Acuna 0-0: Foul Ball, location: 2F
0-1: Called Strike
0-2: Ball
1-2: Foul Ball, location: 2F
1-2: Strikes out swinging
Bottom of the 1st over - 0 runs, 0 hits, 0 errors, 2 left on base; Baltimore (APP) 0 - Burlington 0
TOP OF THE 2ND
Baltimore (APP) Orioles batting - Pitching for Burlington Royals : LHP Bin Ya
Batting: LHB Chris Cohen 0-0: Foul Ball, location: 2F
0-1: Called Strike
0-2: Fly out, F9 (Flyball, 9LM, EV 98.1 MPH)
Batting: LHB Robert Ortiz 0-0: Called Strike
0-1: Ball
1-1: Foul Ball, location: 2F
1-2: Fly out, F8 (Flyball, 8LD, EV 103.1 MPH)
Batting: RHB Matt Wallace 0-0: SINGLE (Line Drive, 9LS, EV 108.1 MPH)
Batting: RHB Javier Brizuela 0-0: Swinging Strike
0-1: Swinging Strike
0-2: Ball
1-2: Hit by Pitch
Matt Wallace to second
Batting: RHB Jeff Parlo 0-0: Foul Ball, location: 2F
0-1: Ball
1-1: Ball
2-1: Ball
3-1: Fly out, F8 (Flyball, 78D, EV 88.1 MPH)
Top of the 2nd over - 0 runs, 1 hit, 0 errors, 2 left on base; Baltimore (APP) 0 - Burlington 0
BOTTOM OF THE 2ND
Burlington Royals batting - Pitching for Baltimore (APP) Orioles : LHP Tim Fraser
Batting: RHB Leo Lopez 0-0: Called Strike
0-1: Foul Ball, location: 2F
0-2: Ball
1-2: Ball
2-2: Strikes out swinging
Batting: RHB Matt Weddle 0-0: Called Strike
0-1: SINGLE (Line Drive, 4D, EV 100.6 MPH)
Batting: RHB Nick Spriggs 0-0: Ball
1-0: Ball
2-0: Called Strike
2-1: Ball
3-1: Foul Ball, location: 2F
3-2: Base on Balls
Matt Weddle to second
Batting: RHB Danny Jefferies 0-0: Swinging Strike
0-1: Ball
1-1: Called Strike
1-2: Strikes out swinging
Batting: RHB Kyle Finney 0-0: Ball
1-0: Fielders Choice at 2nd, 6-4 (Groundball, 6, EV 103.1 MPH)
Bottom of the 2nd over - 0 runs, 1 hit, 0 errors, 2 left on base; Baltimore (APP) 0 - Burlington 0
TOP OF THE 3RD
Baltimore (APP) Orioles batting - Pitching for Burlington Royals : LHP Bin Ya
Batting: RHB Tyler Cohen 0-0: Ball
1-0: Ball
2-0: Foul Ball, location: 2F
2-1: Ball
3-1: Foul Ball, location: 2F
3-2: Strikes out swinging
Batting: RHB Pedro Luera 0-0: SINGLE (Groundball, 4MD, EV 95.0 MPH)
Batting: LHB Ivan Alvarez 0-0: Called Strike
0-1: Ball
1-1: Ball
Pedro Luera is caught stealing 2nd base 2-6
2-1: Foul Ball, location: 2F
2-2: Ball
3-2: Foul Ball, location: 2F
3-2: Foul Ball, location: 2F
3-2: Strikes out looking
Top of the 3rd over - 0 runs, 1 hit, 0 errors, 0 left on base; Baltimore (APP) 0 - Burlington 0
BOTTOM OF THE 3RD
Burlington Royals batting - Pitching for Baltimore (APP) Orioles : LHP Tim Fraser
Batting: RHB Josh Massey 0-0: Ball
1-0: Foul Ball, location: 2F
1-1: Ball
2-1: Swinging Strike
2-2: SINGLE (Flyball, 4D, EV 91.2 MPH)
Batting: RHB Luis Mendoza 0-0: Fielders Choice at 2nd, 1-6 (Groundball, 13S, EV 63.1 MPH)
Batting: RHB Simon Sultzbach 0-0: Ball
1-0: Called Strike
1-1: Ball
2-1: Foul Ball, location: 2F
2-2: Foul Ball, location: 2F
2-2: Foul Ball, location: 2F
2-2: Foul Ball, location: 2F
2-2: 2-RUN HOME RUN (Flyball, 9LD, EV 93.1 MPH), Distance : 333 ft
Batting: RHB Esteban Acuna 0-0: Ball
1-0: Ball
2-0: Ball
3-0: Called Strike
3-1: Called Strike
3-2: Base on Balls
Batting: RHB Leo Lopez 0-0: Grounds into double play, 4-6-3 (Groundball, 34D, EV 81.9 MPH)
Bottom of the 3rd over - 2 runs, 2 hits, 0 errors, 0 left on base; Baltimore (APP) 0 - Burlington 2
TOP OF THE 4TH
Baltimore (APP) Orioles batting - Pitching for Burlington Royals : LHP Bin Ya
Batting: RHB Mike Trueblood 0-0: Swinging Strike
0-1: Ball
1-1: Swinging Strike
1-2: Strikes out swinging
Batting: LHB Chris Cohen 0-0: Ball
1-0: Called Strike
1-1: Ball
2-1: Swinging Strike
2-2: Strikes out swinging, 2-3 out at first.
Batting: LHB Robert Ortiz 0-0: Foul Ball, location: 2F
0-1: Ball
1-1: Called Strike
1-2: Ball
2-2: Ball
3-2: Strikes out swinging
Top of the 4th over - 0 runs, 0 hits, 0 errors, 0 left on base; Baltimore (APP) 0 - Burlington 2
BOTTOM OF THE 4TH
Burlington Royals batting - Pitching for Baltimore (APP) Orioles : LHP Tim Fraser
Batting: RHB Matt Weddle 0-0: DOUBLE (Groundball, 5L, EV 101.9 MPH)
Batting: RHB Nick Spriggs 0-0: Ball
1-0: Foul Ball, location: 2F
1-1: Reached on error, E5 (Groundball, 56, EV 100.0 MPH)
Matt Weddle to third
Batting: RHB Danny Jefferies 0-0: Ball
1-0: Called Strike
1-1: Ball
2-1: Foul Ball, location: 2F
2-2: Fielders Choice at 2nd, 5-4 (Groundball, 56, EV 92.5 MPH)
Matt Weddle scores
Batting: RHB Kyle Finney 0-0: Ball
1-0: Swinging Strike
1-1: Foul Ball, location: 2F
1-2: Foul Ball, location: 2F
1-2: Grounds into double play, 5-4-3 (Groundball, 56, EV 105.0 MPH)
Bottom of the 4th over - 1 run, 1 hit, 1 error, 0 left on base; Baltimore (APP) 0 - Burlington 3
TOP OF THE 5TH
Baltimore (APP) Orioles batting - Pitching for Burlington Royals : LHP Bin Ya
Batting: RHB Matt Wallace 0-0: Ball
1-0: Swinging Strike
1-1: Swinging Strike
1-2: Foul Ball, location: 2F
1-2: Ball
2-2: Foul Ball, location: 2F
2-2: Ground out 5-3 (Groundball, 5, EV 98.1 MPH)
Batting: RHB Javier Brizuela 0-0: Ball
1-0: Ball
2-0: Ball
3-0: Base on Balls
Batting: RHB Jeff Parlo 0-0: Ball
1-0: Reached on error, E6 (Groundball, 6, EV 93.1 MPH)
Javier Brizuela to second
Batting: RHB Tyler Cohen 0-0: Ball
1-0: Foul Ball, location: 2F
1-1: Called Strike
1-2: Foul Ball, location: 2F
1-2: Strikes out looking
Pitching: RHP Ryan Robbins
Batting: RHB Pedro Luera 0-0: Ball
1-0: Ball
2-0: TRIPLE (Line Drive, 78XD, EV 108.1 MPH)
Javier Brizuela scores
Jeff Parlo scores
Batting: LHB Ivan Alvarez 0-0: Foul Ball, location: 2F
0-1: Ball
1-1: Ball
2-1: Foul Ball, location: 2F
2-2: Ball
3-2: TRIPLE (Line Drive, 89XD, EV 107.5 MPH)
Pedro Luera scores
Batting: RHB Mike Trueblood 0-0: SINGLE (Groundball, 4MD, EV 108.1 MPH)
Ivan Alvarez scores
Batting: LHB Chris Cohen 0-0: Ball
1-0: Ball
2-0: Ball
3-0: Base on Balls
Mike Trueblood to second
Batting: LHB Robert Ortiz 0-0: Ball
1-0: Fly out, F7 (Flyball, 78M, EV 83.1 MPH)
Top of the 5th over - 4 runs, 3 hits, 1 error, 2 left on base; Baltimore (APP) 4 - Burlington 3
BOTTOM OF THE 5TH
Burlington Royals batting - Pitching for Baltimore (APP) Orioles : LHP Tim Fraser
Batting: RHB Josh Massey 0-0: Called Strike
0-1: Ball
1-1: Ball
2-1: Ball
3-1: Foul Ball, location: 2F
3-2: Hit by Pitch
Batting: RHB Luis Mendoza 0-0: Swinging Strike
0-1: Ball
1-1: Ball
2-1: Ball
Passed Ball!
Josh Massey to second
3-1: Called Strike
3-2: Foul Ball, location: 2F
3-2: Foul Ball, location: 2F
3-2: Foul Ball, location: 2F
3-2: Strikes out swinging
Batting: RHB Simon Sultzbach 0-0: Ball
1-0: Called Strike
1-1: Ground out 6-3 (Groundball, 6, EV 98.8 MPH)
Batting: RHB Esteban Acuna 0-0: Ball
1-0: Called Strike
1-1: Ball
2-1: Ball
3-1: Base on Balls
Batting: RHB Leo Lopez 0-0: Ball
1-0: Foul Ball, location: 2F
1-1: Swinging Strike
1-2: Ball
2-2: Ball
3-2: Base on Balls
Josh Massey to third
Esteban Acuna to second
Batting: RHB Matt Weddle 0-0: Ball
1-0: Foul Ball, location: 2F
1-1: Ball
2-1: Swinging Strike
2-2: Foul Ball, location: 2F
2-2: Strikes out swinging
Bottom of the 5th over - 0 runs, 0 hits, 0 errors, 3 left on base; Baltimore (APP) 4 - Burlington 3
TOP OF THE 6TH
Baltimore (APP) Orioles batting - Pitching for Burlington Royals : RHP Ryan Robbins
Batting: RHB Matt Wallace 0-0: Foul Ball, location: 2F
0-1: Ball
1-1: Ball
2-1: Ground out 3-1 (Groundball, 34S, EV 79.4 MPH)
Batting: RHB Javier Brizuela 0-0: Ball
1-0: Foul Ball, location: 2F
1-1: Called Strike
1-2: Ball
2-2: SOLO HOME RUN (Flyball, 78XD, EV 98.1 MPH), Distance : 400 ft
Pitching: LHP Omar Nogueira
Batting: RHB Jeff Parlo 0-0: Ball
1-0: Ground out 1-3 (Groundball, 13S, EV 66.9 MPH)
Batting: RHB Tyler Cohen 0-0: Foul Ball, location: 2F
0-1: Ball
1-1: Foul Ball, location: 2F
1-2: Strikes out looking
Top of the 6th over - 1 run, 1 hit, 0 errors, 0 left on base; Baltimore (APP) 5 - Burlington 3
BOTTOM OF THE 6TH
Burlington Royals batting - Pitching for Baltimore (APP) Orioles : LHP Tim Fraser
Pitching: RHP Craig Painter
Batting: RHB Nick Spriggs 0-0: Foul Ball, location: 2F
0-1: Called Strike
0-2: Strikes out swinging
Batting: RHB Danny Jefferies 0-0: Ball
1-0: Ball
2-0: Ball
3-0: Called Strike
3-1: Base on Balls
Batting: RHB Kyle Finney 0-0: Ball
1-0: Called Strike
1-1: SINGLE (Line Drive, 34D, EV 100.6 MPH)
Danny Jefferies to second
Batting: RHB Josh Massey 0-0: Ball
1-0: Foul Ball, location: 2F
1-1: Ball
Wild Pitch!
Danny Jefferies to third
Kyle Finney to second
2-1: Foul Ball, location: 2F
2-2: Foul Ball, location: 2F
2-2: Strikes out swinging
Batting: RHB Luis Mendoza 0-0: Called Strike
0-1: Foul Ball, location: 2F
0-2: Foul Ball, location: 2F
0-2: Ball
1-2: Strikes out swinging
Bottom of the 6th over - 0 runs, 1 hit, 0 errors, 2 left on base; Baltimore (APP) 5 - Burlington 3
TOP OF THE 7TH
Baltimore (APP) Orioles batting - Pitching for Burlington Royals : LHP Omar Nogueira
Batting: RHB Pedro Luera 0-0: Ball
1-0: Ball
2-0: Called Strike
2-1: Ball
3-1: Foul Ball, location: 2F
3-2: SOLO HOME RUN (Flyball, 78XD, EV 107.5 MPH), Distance : 405 ft
Batting: LHB Ivan Alvarez 0-0: Ball
1-0: Ball
2-0: Ball
3-0: Called Strike
3-1: Foul Ball, location: 2F
3-2: Strikes out looking
Batting: RHB Mike Trueblood 0-0: Ball
1-0: Swinging Strike
1-1: Ball
2-1: Foul Ball, location: 2F
2-2: Ball
3-2: Foul Ball, location: 2F
3-2: Base on Balls
Batting: LHB Chris Cohen 0-0: Ball
Mike Trueblood is caught stealing 2nd base 2-6
1-0: Ball
2-0: Foul Ball, location: 2F
2-1: Swinging Strike
2-2: Ball
3-2: Strikes out swinging
Top of the 7th over - 1 run, 1 hit, 0 errors, 0 left on base; Baltimore (APP) 6 - Burlington 3
BOTTOM OF THE 7TH
Burlington Royals batting - Pitching for Baltimore (APP) Orioles : RHP Craig Painter
Batting: RHB Simon Sultzbach 0-0: Ball
1-0: Swinging Strike
1-1: Called Strike
1-2: Strikes out swinging
Batting: RHB Esteban Acuna 0-0: Foul Ball, location: 2F
0-1: Foul Ball, location: 2F
0-2: Fly out, F7 (Flyball, 7LSF, EV 94.4 MPH)
Batting: RHB Leo Lopez 0-0: Ball
1-0: Ball
2-0: Called Strike
2-1: Ball
3-1: Foul Ball, location: 2F
3-2: Base on Balls
Pinch Hitting: LHB Javy Rueda 0-0: Called Strike
0-1: Called Strike
0-2: Strikes out looking
Bottom of the 7th over - 0 runs, 0 hits, 0 errors, 1 left on base; Baltimore (APP) 6 - Burlington 3
TOP OF THE 8TH
Baltimore (APP) Orioles batting - Pitching for Burlington Royals : LHP Omar Nogueira
Pitching: LHP James Brumback
Now in LF: Javy Rueda
Batting: LHB Robert Ortiz 0-0: Foul Ball, location: 3F, Error on foul ball, E3
0-1: Foul Ball, location: 2F
0-2: Foul Ball, location: 2F
0-2: Ball
1-2: Ball
2-2: Ball
3-2: Base on Balls
Batting: RHB Matt Wallace 0-0: Foul Ball, location: 2F
0-1: Fly out, F3 (Popup, 3, EV 60.6 MPH)
Batting: RHB Javier Brizuela 0-0: DOUBLE (Line Drive, 9LM, EV 109.4 MPH)
Robert Ortiz to third
Batting: RHB Jeff Parlo 0-0: Ball
1-0: Ball
2-0: Foul Ball, location: 2F
2-1: Foul Ball, location: 2F
2-2: Fly out, F8 (Flyball, 78S, EV 95.6 MPH)
Batting: RHB Tyler Cohen 0-0: Ball
1-0: Ground out 6-3 (Groundball, 6, EV 85.6 MPH)
Top of the 8th over - 0 runs, 1 hit, 1 error, 2 left on base; Baltimore (APP) 6 - Burlington 3
BOTTOM OF THE 8TH
Burlington Royals batting - Pitching for Baltimore (APP) Orioles : RHP Craig Painter
Batting: RHB Nick Spriggs 0-0: Ball
1-0: Ball
2-0: Fly out, F6 (Popup, 15, EV 81.2 MPH)
Batting: RHB Danny Jefferies 0-0: Ball
1-0: Ball
2-0: Foul Ball, location: 2F
2-1: Ground out 4-3 (Groundball, 4, EV 84.4 MPH)
Batting: RHB Kyle Finney 0-0: Ball
1-0: Swinging Strike
1-1: Called Strike
1-2: Ball
2-2: Foul Ball, location: 2F
2-2: Ball
3-2: Base on Balls
Pitching: RHP Dave Patenaude
Batting: RHB Josh Massey 0-0: Foul Ball, location: 2F
0-1: Ball
1-1: Ball
2-1: Ball
3-1: Swinging Strike
3-2: Strikes out swinging
Bottom of the 8th over - 0 runs, 0 hits, 0 errors, 1 left on base; Baltimore (APP) 6 - Burlington 3
TOP OF THE 9TH
Baltimore (APP) Orioles batting - Pitching for Burlington Royals : LHP James Brumback
Pitching: RHP Jay Foster
Pinch Hitting: LHB Shane Cruse 0-0: Ball
1-0: Foul Ball, location: 2F
1-1: Ball
2-1: Ball
3-1: Base on Balls
Batting: LHB Ivan Alvarez 0-0: Bunted foul
0-1: Ball
1-1: Ball
2-1: Bunt missed!
2-2: Reached on error, E5 (Groundball, 56, EV 102.5 MPH)
Shane Cruse to second
Batting: RHB Mike Trueblood 0-0: Ball
1-0: Swinging Strike
1-1: Ball
2-1: Ball
3-1: Fly out, F8 (Line Drive, 8LD, EV 89.4 MPH)
Batting: LHB Chris Cohen 0-0: Ball
1-0: Foul Ball, location: 2F
1-1: Fly out, F8 (Line Drive, 8LM, EV 87.5 MPH)
Batting: LHB Robert Ortiz 0-0: Ball
1-0: SINGLE (Line Drive, 56D, EV 98.8 MPH)
Shane Cruse to third
Ivan Alvarez to second
Batting: RHB Matt Wallace 0-0: Called Strike
0-1: Foul Ball, location: 2F
0-2: Fly out, F8 (Flyball, 8RD, EV 103.1 MPH)
Top of the 9th over - 0 runs, 1 hit, 1 error, 3 left on base; Baltimore (APP) 6 - Burlington 3
BOTTOM OF THE 9TH
Burlington Royals batting - Pitching for Baltimore (APP) Orioles : RHP Dave Patenaude
Now at 3B: Willie Carmona
Batting: RHB Luis Mendoza 0-0: Ball
1-0: Ball
2-0: Hit by Pitch
Batting: RHB Simon Sultzbach 0-0: Ball
1-0: Swinging Strike
1-1: Ball
2-1: Ball
3-1: Grounds into double play, 6-4-3 (Groundball, 6, EV 85.6 MPH)
Pinch Hitting: SHB Gary Woodroffe 0-0: Called Strike
0-1: Ball
1-1: Ball
2-1: Ball
3-1: Swinging Strike
3-2: Foul Ball, location: 2F
3-2: Foul Ball, location: 2F
3-2: Base on Balls
Batting: RHB Leo Lopez 0-0: Called Strike
0-1: Ball
1-1: Foul Ball, location: 2F
1-2: Ball
2-2: Ball
3-2: Fly out, F8 (Line Drive, 89M, EV 94.4 MPH)
Bottom of the 9th over - 0 runs, 0 hits, 0 errors, 1 left on base; Baltimore (APP) 6 - Burlington 3
Sunday, July 16th , 2023 - OOTP Baseball 24.6 Build 69